 Dungeon Crawl Stone Soup version 0.31-a0-1620-gcbf77bbcfc (webtiles) character file.

Game seed: 1140255446216721850

67 Essalna the Digger (level 4, -2/24 HPs)
             Began as a Gargoyle Earth Elementalist on Jan 11, 2024.
             Slain by Crazy Yiuf
             ... wielding a +4 quarterstaff of chaos
              (14 damage)
             ... on level 2 of the Dungeon.
             The game lasted 00:02:36 (1941 turns).

Essalna the Digger (Gargoyle Earth Elementalist)    Turns: 1941, Time: 00:02:36

Health: -2/24      AC:  5    Str: 12    XL:     4   Next: 16%
Magic:  1/8        EV: 11    Int: 17    God:
Gold:   157        SH:  0    Dex: 10    Spells: 4/8 levels left

rFire   . . .        i - +0 spear
rCold   . . .        (no shield)
rNeg    + . .        a - +0 robe
rPois   ∞            (no helmet)
rElec   +            (no cloak)
rCorr   .            (no gloves)
SInv    .            (no boots)
Will    +....        (no amulet)
Stlth   ++           h - ring of willpower
HPRegen 0.24/turn    (no ring)
MPRegen 0.11/turn

%: no passive effects
@: very slightly contaminated
A: sickness immunity, AC +3, negative energy resistance 1, electricity
resistance, torment resistance 1, petrification resistance
a: no special abilities


You were on level 2 of the Dungeon.
You visited 1 branch of the dungeon, and saw 2 of its levels.

You collected 157 gold pieces.

Inventory:

Hand Weapons
 i - a +0 spear (weapon)
Armour
 a - a +0 robe (worn)
Jewellery
 h - a ring of willpower (left hand)
Scrolls
 b - a scroll of teleportation {unknown}
 c - a scroll of identify {unknown}
 d - a scroll of poison {unknown}
 e - a scroll of fog {unknown}
 f - a scroll of noise {unknown}


   Skills:
 - Level 1.5 Dodging
 - Level 2.1 Stealth
 + Level 2.8 Spellcasting
 + Level 2.5 Conjurations
 + Level 4.4 Earth Magic


You had 4 spell levels left.
You knew the following spells:

 Your Spells              Type           Power      Damage    Failure   Level
a - Sandblast             Erth           34%        2d9       2%          1
b - Stone Arrow           Conj/Erth      28%        3d8       13%         3

Your spell library contained the following spells:

 Spells                   Type           Power      Damage    Failure   Level
 Passwall                 Erth           17%        N/A       9%          3
 Brom's Barrelling Bould  Conj/Erth      14%        2d4       38%         4
 Tukima's Dance           Hex            2%         N/A       47%         3
 Petrify                  Alch/Erth      10%        N/A       56%         4
 Iskenderun's Mystic Bla  Conj/Tloc      6%         2d4       71%         4
 Dimensional Bullseye     Hex/Tloc       1%         N/A       87%         4


Dungeon Overview and Level Annotations

Branches:
Dungeon (2/15)

Altars:

Annotations:
D:2 Crazy Yiuf


Innate Abilities, Weirdness & Mutations

You are immune to sickness and miasma.
Your stone body is resilient. (AC +3)
You are immune to poison.
You resist negative energy. (rN+)
You are resistant to electric shocks. (rElec)
You are resistant to unholy torment.
You are immune to petrification.


Message History

You are very lightly contaminated with residual magic.
Nothing appears to happen.
Casting: Stone Arrow (quite dangerous; 13% risk of failure)
Confirm with . or Enter, or press ? or * to list all spells.
Aiming: Sandblast (safe; 2% risk of failure)
Press: ? - help, Shift-Dir - straight line, f/p - Crazy Yiuf
Aim: Crazy Yiuf, wielding a +4 quarterstaff of chaos, wearing a +0 cloak and carrying a wand of flame (84% to hit)
The blast of sand hits Crazy Yiuf!
Crazy Yiuf is heavily wounded.
Crazy Yiuf barely misses you.
Casting: Sandblast (safe; 2% risk of failure)
Confirm with . or Enter, or press ? or * to list all spells.
Aiming: Sandblast (safe; 2% risk of failure)
Press: ? - help, Shift-Dir - straight line, f/p - Crazy Yiuf
Aim: Crazy Yiuf, wielding a +4 quarterstaff of chaos, wearing a +0 cloak and carrying a wand of flame (moderately wounded, 84% to hit)
The blast of sand hits Crazy Yiuf but does no damage.
Crazy Yiuf is moderately wounded.
Crazy Yiuf hits you with a +4 quarterstaff of chaos!
Crazy Yiuf freezes you.
Crazy Yiuf zaps a wand.
The puff of flame hits you.
Casting: Sandblast (safe; 2% risk of failure)
Confirm with . or Enter, or press ? or * to list all spells.
You don't have enough magic to cast this spell.
Unknown command.
It was a potion of curing.
You feel better.
Crazy Yiuf cries, "Aardvark!"
Crazy Yiuf closely misses you.
It was a potion of heal wounds.
You feel much better.
Crazy Yiuf hits you with a +4 quarterstaff of chaos.
Crazy Yiuf freezes you.
Casting: Sandblast (safe; 2% risk of failure)
Confirm with . or Enter, or press ? or * to list all spells.
You don't have enough magic to cast this spell.
You barely miss Crazy Yiuf.
Crazy Yiuf is moderately wounded.
Crazy Yiuf zaps a wand.
The puff of flame hits you!
You closely miss Crazy Yiuf.
Crazy Yiuf is moderately wounded.
Crazy Yiuf hits you with a +4 quarterstaff of chaos!
Ouch! That really hurt!
You die...

#....####.##
#...........
#.....#####. ####..#
#. #..# #. ########.#
#. ###
###.#..#.#.#####.
#...##..#.............
#...g@####......#####.
#)..### ##.#.........
### ############ ## #.
#. #.


You could see Crazy Yiuf.

Vanquished Creatures
  Terence (D:2)
  2 ribbon worms (D:2)
  A dart slug (D:2)
  3 bats (D:1)
  5 goblins
  3 hobgoblins (D:1)
  2 quokkas (D:1)
  4 ball pythons
  2 frilled lizards
  2 kobolds
  10 rats
  A spectral goblin (D:2)
36 creatures vanquished.

Notes
Turn   | Place    | Note
-------+----------+-------------------------------------------
     0 | D:1      | Essalna the Gargoyle Earth Elementalist began the quest for
                  | the Orb.
     0 | D:1      | Reached XP level 1. HP: 10/10 MP: 3/3
   299 | D:1      | Reached XP level 2. HP: 15/15 MP: 3/5
   561 | D:1      | Reached skill level 4 in Earth Magic
  1030 | D:2      | Reached XP level 3. HP: 19/19 MP: 0/6
  1108 | D:2      | Learned a level 3 spell: Stone Arrow
  1138 | D:2      | Found a faded altar of an unknown god.
  1341 | D:2      | Noticed Terence
  1350 | D:2      | Killed Terence
  1351 | D:2      | Reached XP level 4. HP: 9/24 MP: 2/8
  1929 | D:2      | Found a runed translucent door.
  1930 | D:2      | Noticed Crazy Yiuf
  1941 | D:2      | Slain by Crazy Yiuf

Illustrated notes

Levels and vault maps discovered:
D:1:      nicolae_arrival_escape_room, layout_basic, chequers_garden,
          minmay_misc_feat_ornament, minmay_tetromino_s2
D:2:      layout_basic, dreamdust_ecumenical_altar_drowned_temple, uniq_terence,
          uniq_crazy_yiuf_cottage

Skill      XL: |  1  2 |
---------------+-------+-----
Earth Magic    | 4 |  4.4
Conjurations   | 2 |  2.5
Dodging        | |  1.5
Stealth        | |  2.1
Spellcasting   | |  2.8

Action                     |  1- 3 |  4- 6 || total
---------------------------+-------+-------++-------
  Melee: Unarmed           |     2 |       ||     2
         Spear             |       |     2 ||     2
   Cast: Sandblast         |    43 |    11 ||    54
         Stone Arrow       |     2 |     1 ||     3
    Use: Potion            |     1 |     2 ||     3
 Armour: Robe              |    14 |     5 ||    19
  Dodge: Dodged            |     9 |     4 ||    13

Table legend: (Time is in decaauts)
 A = Elapsed time spent in this place.
 B = Non-inter-level travel time spent in this place.
 C = Inter-level travel time spent in this place.
 D = Time resting spent in this place.
 E = Time spent auto-exploring this place.
 F = Levels seen in this place.
 G = Mean time per level.
                   A        B        C        D        E       F      G
               +--------+--------+--------+--------+--------+-----+--------+
         Total |   1971 |   1917 |     54 |      0 |   1696 |   2 |  985.5 |
       Dungeon |   1971 |   1917 |     54 |      0 |   1696 |   2 |  985.5 |
               +--------+--------+--------+--------+--------+-----+--------+

Top non-repeatable levels by time:
     D:1: 1035 daAuts
     D:2: 936 daAuts
